 Dungeon Crawl Stone Soup version 0.18-a0-1121-gb454403 (webtiles) character file.

351 ater218 the Skirmisher (level 6, -2/49 HPs)
             Began as a Demonspawn Fighter on Jan 18, 2016.
             Slain by an elf zombie (4 damage)
             ... in an ossuary.
             The game lasted 00:12:00 (2743 turns).

ater218 the Skirmisher (Demonspawn Fighter)         Turns: 2743, Time: 00:12:00

Health: -2/49      AC: 13    Str: 18    XL:     6   Next: 34%
Magic:  6/6        EV:  3    Int: 19    God:
Gold:   227        SH:  9    Dex: 12    Spells: 0 memorised, 5 levels left

rFire  . . .     SeeInvis .     a - +1 trident
rCold  . . .     Gourm    .     g - +1 plate armour
rNeg   . . .     Faith    .     c - +0 shield
rPois  .         Spirit   .     (no helmet)
rElec  .         Dismiss  .     o - -1 cloak
rCorr  .         Reflect  .     (no gloves)
SustAt .         Harm     .     (no boots)
MR     .....                    (no amulet)
Stlth  ..........               p - +5 ring of intelligence
                                j - +4 ring of intelligence

@: about to teleport, not resistant to hostile enchantments, extremely
unstealthy
A: talons 2, rugged brown scales 1, powered by pain 1
a: no special abilities


You were in an ossuary.
You were not hungry.

You visited 1 branch of the dungeon, and saw 4 of its levels.
You also visited: Ossuary.

You collected 227 gold pieces.

Inventory:

Hand Weapons
 a - a +1 trident (weapon)
Armour
 c - a +0 shield (worn)
 g - a +1 plate armour (worn)
 o - a -1 cloak (worn)
Jewellery
 j - a +4 ring of intelligence (left hand)
 p - a +5 ring of intelligence (right hand)
Wands
 b - a wand of frost (10/48)
Scrolls
 e - 2 scrolls of amnesia
 h - a scroll of identify {unknown}
 i - a scroll of teleportation
 k - a scroll of remove curse
 l - a scroll of enchant armour
 u - a scroll of enchant weapon
Potions
 d - 2 potions of might
Comestibles
 f - 5 bread rations
 n - 3 fruits


   Skills:
 + Level 4.2 Fighting
 + Level 3.8 Polearms
 + Level 3.4 Armour
 + Level 0.6 Dodging
 + Level 0.6 Stealth
 + Level 4.0 Shields


You had 5 spell levels left.
You didn't know any spells.

Dungeon Overview and Level Annotations

Branches:
Dungeon (4/15)
 Temple: D:4-7

Altars:
Dithmenos
Nemelex Xobeh
Ru
Vehumet
Zin

Annotations:
Ossuary Borgoz's ghost, amateur GrMo


Innate Abilities, Weirdness & Mutations

You have razor-sharp toenails.
You are partially covered in rugged brown scales (AC +1, +3% HP).
You sometimes gain a little power by taking damage.


Message History

* * * LOW HITPOINT WARNING * * *
The kobold zombie hits you.
* * * LOW HITPOINT WARNING * * *
Your plate armour prevents you from hitting the kobold zombie.
You block the kobold zombie's attack. The goblin zombie barely misses you.
You block the elf zombie's attack.
The kobold zombie hits you but does no damage.
The elf zombie hits you but does no damage.
Your shield and plate armour prevent you from hitting the goblin zombie.
You claw the goblin zombie. You block the kobold zombie's attack.
You block the goblin zombie's attack. The elf zombie hits you.
* * * LOW HITPOINT WARNING * * *
The kobold zombie hits you but does no damage.
The elf zombie hits you but does no damage.
You hit the goblin zombie.
You destroy the goblin zombie!
You block the kobold zombie's attack.
As you read the scroll of teleportation, it crumbles to dust.
You feel strangely unstable. The elf zombie hits you.
You die...

#...######..######
#..W#.. #..#
#...#.# #Z.#
#...#.####..###
#...#..........Z.#
#...#.......####.#
#...#.......#
#...#.Z.Z...#
#...#..@Z.∩.#
#...####Z......
#...# #...###
#...# ...#
#...##############
#.................
#.........∩∩......
##################


You could see an adder zombie, 2 kobold zombies and 2 elf zombies.

Vanquished Creatures
  Edmund (D:4)
  A giant frog skeleton (D:4)
  An iguana (D:4)
  A hound skeleton (D:4)
  2 mummies (Ossuary)
  7 adders
  2 oozes
  A worm (D:3)
  A giant gecko (D:3)
  2 orcs (D:3)
  4 giant cockroaches
  5 goblins
  3 hobgoblins
  11 jackals
  A ball python (D:3)
  6 bats
  2 giant newts
  A goblin zombie (Ossuary)
  6 hobgoblin zombies (Ossuary)
  4 kobolds
  6 kobold zombies (Ossuary)
  7 orc zombies (Ossuary)
  3 rats
78 creatures vanquished.

Notes
Turn   | Place    | Note
--------------------------------------------------------------
     0 | D:1      | ater218 the Demonspawn Fighter began the quest for the Orb.
     0 | D:1      | Reached XP level 1. HP: 18/18 MP: 1/1
   129 | D:1      | Gained mutation: You have sharp toenails. [demonic ancestry]
   129 | D:1      | Reached XP level 2. HP: 24/24 MP: 2/2
   845 | D:2      | Gained mutation: You sometimes gain a little power by taking damage. [demonic ancestry]
   845 | D:2      | Reached XP level 3. HP: 29/29 MP: 3/3
   850 | D:2      | Found a faded altar to an unknown god.
   875 | D:2      | Found a sparkling altar of Nemelex Xobeh.
  1540 | D:3      | Gained mutation: You are partially covered in rugged brown scales (AC +1, +3% HP). [demonic ancestry]
  1540 | D:3      | Reached XP level 4. HP: 29/36 MP: 4/4
  1580 | D:3      | Found a sacrificial altar of Ru.
  1723 | D:3      | Found a glowing silver altar of Zin.
  1723 | D:3      | Found a shadowy altar of Dithmenos.
  1810 | D:3      | Found a radiant altar of Vehumet.
  2204 | D:4      | Gained mutation: You have razor-sharp toenails. [demonic ancestry]
  2204 | D:4      | Reached XP level 5. HP: 32/42 MP: 5/5
  2263 | D:4      | Noticed Edmund
  2291 | D:4      | Killed Edmund
  2291 | D:4      | Reached skill level 4 in Fighting
  2291 | D:4      | Reached XP level 6. HP: 11/49 MP: 6/6
  2571 | D:4      | Found a sand-covered staircase.
  2582 | Ossuary  | Entered an ossuary
  2653 | Ossuary  | Noticed Borgoz's ghost (amateur GrMo)
  2741 | Ossuary  | HP: 1/49 [elf zombie (5)]
  2743 | Ossuary  | Slain by an elf zombie

Vault maps used:
D:1:      dpeg_arrival_arbitrary_c
D:2:      ecumenical_altar_2, nemelex_altar_shiori
D:3:      nicolae_overflow_hidden_temple, vehumet_crystals, hangedman_ru_absence
D:4:      kennysheep_mini_moat, first_bread, chequers_ossuary_entry_cave,
          uniq_edmund
Ossuary:  ossuary_tomb_1

Action                   |  1- 3 |  4- 6 || total
-------------------------+-------+-------++-------
Melee: Trident           |   148 |   234 ||   382
  Use: Scroll            |     2 |     8 ||    10
       Potion            |       |    10 ||    10
  Eat: Chunk             |     2 |     1 ||     3
       Royal jelly       |       |     1 ||     1
       Fruit             |       |     1 ||     1
       Meat ration       |       |     1 ||     1
